[Event "Tata Steel-B 80th"]
[Site "Wijk aan Zee"]
[Date "2018.01.28"]
[Round "13"]
[White "Vidit, Santosh Gujrathi"]
[Black "Van Foreest, Jorden"]
[Result "1/2-1/2"]
[ECO "D27"]
[WhiteElo "2718"]
[BlackElo "2629"]
[Annotator "Fernandez,D"]
[PlyCount "47"]
[EventDate "2018.01.13"]
[EventType "tourn"]
[EventRounds "13"]
[EventCountry "NED"]
[EventCategory "15"]
[SourceTitle "CBM 183"]
[Source "ChessBase"]
[SourceDate "2018.03.14"]
[SourceVersion "1"]
[SourceVersionDate "2018.03.14"]
[SourceQuality "1"]
[TimeControl "40/6000+30:20/3000+30:900+30"]

1. d4 d5 2. c4 dxc4 {
[%emt 0:00:07] Possibly a psychological choice- White is unlikely to go for
the riskiest lines when a draw is so likely to give him first place.} 3. e3 Nf6 (3... e5 4. Bxc4 exd4 5. exd4 Nf6 {
is a bit more imbalanced, thanks to the isolated queen's pawn.}) 4. Bxc4 e6 5. Nf3 c5 6. O-O Nc6 (6... a6 {might have with
hindsight given Black a few perks, assuming White plays the endgame anyway,
and plays it in a similar style:} 7. dxc5 Bxc5 8. Qxd8+ Kxd8 9. Bd2 Ke7 $11 {
Black will set up with ...b5, ...Nbd7, ...Bb7. The position is equal.}) 7. Nc3 a6 8. dxc5 Qxd1 9. Rxd1 Bxc5 10. Bd2 O-O (10... Ke7 {is less advisable here thanks to} 11. Bd3 $5
$14 {and Black faces a few problems completing development.}) 11. Rac1 Bd7 12. Be2 {[%emt 0:00:12] The idea is
clearly enough Na4-c5, but right now there is an issue with playing it, so
Black can safely ignore the idea.} (12. Ne2 Bb6 13. Bc3 {was more forcing, but
also didn't give much:} Rfd8 14. Ne5 Be8 $1 $11) 12... Rfd8 13. Na4 Ba7 14. Be1 (14. Nc5
Bxc5 15. Rxc5 Ne4 {equalises, unless White can somehow mount a convincing
claim that his opponent's bishop is genuinely bad.}) 14... Be8 15. Rxd8 (15. Nc5 Rxd1 16. Bxd1 Rb8 $11) 15... Nxd8 16. b3 (16. Nc5 Rc8 $11) 16... Nd5 17. Kf1 Nc6 (17... Bb5 $5 {was most
principled, and would have been an interesting way for Black to remind his
opponent that the draw is subject to good play from both sides and is not a
God-given right.} 18. Ne5 (18. Bxb5 axb5 19. Nc3 Nxc3 20. Bxc3 f6 $132) 18...
f6 19. Nd3 Ne7 20. Nab2 Rc8 $11 {Black has kept his equality without making
any concessions.}) 18. Nc5 Rb8 19. a3 Nce7 20. Ne5 Rc8 21. Ned3 Rc7 22. b4 {[%emt 0:05:24]
Maybe not the most precise way to prosecute the advantage.} ({White could have
had something following} 22. e4 Nf6 23. f3 Bb5 24. Bg3 $1 $14) 22... Bxc5 23. Rxc5 Bb5 24. Rxc7 {
[%emt 0:07:36] Here the draw was agreed, so we assume White could not really
be bothered pressing but was fine to halve out as soon as the draw margin was
large enough for Black to completely forget about winning himself.} (24. e4
Bxd3 25. Bxd3 Rxc5 26. bxc5 Nf6 $132 {is probably not that dangerous for Black
anymore.}) 1/2-1/2

[Event "Metz op 31th"]
[Site "Metz"]
[Date "2013.07.24"]
[Round "7"]
[White "Maiorov, Nikita"]
[Black "Donchenko, Alexander"]
[Result "1-0"]
[ECO "D27"]
[WhiteElo "2535"]
[BlackElo "2428"]
[Annotator "Metz Alekhine/Primel,D"]
[PlyCount "69"]
[EventDate "2013.04.20"]
[EventType "swiss"]
[EventRounds "9"]
[EventCountry "FRA"]
[SourceTitle "EXT 2016"]
[Source "ChessBase"]
[SourceDate "2015.10.08"]
[SourceVersion "1"]
[SourceVersionDate "2015.10.08"]
[SourceQuality "1"]
[TimeControl "40/5400:1800+30"]
[WhiteClock "1:30:00"]
[BlackClock "1:30:00"]

1. d4 d5 2. c4 dxc4 3. Nf3 a6 {[%cal Gb7b5] Une variante souvent jouée par
Anand} 4. e3 (4. e4 $5 {Plus risqué} b5 5. a4 Bb7 6. axb5 axb5 7. Rxa8 Bxa8 8.
Nc3 c6 {Bronstein,D-Simagin,V Moscow-ch 31th 1953 1/2-1/2}) 4... Nf6 5. Bxc4 e6
(5... b5 6. Bd3 Bb7 7. a4 b4 8. Nbd2 $14 ) 6. O-O c5 7. Nc3 (7.
a4) (7. Bb3) (7. Bd3) 7... b5 8. Be2 (8. Bb3 Bb7 9. e4 cxd4 10. Nxd4 Nc6 11.
Be3 Nxd4 12. Bxd4 Be7 13. e5 Nd5 14. f4 {Cornette,M (2534)-David, V (2421) Cap
d'Agde CCAS op 2010 (6) 1/2-1/2} (14. Qg4 $5 )) 8... Bb7 9. dxc5 {
Voulant tester la technique du jeune adversaire en finale} (9. a3 Nbd7 (9...
Be7 $143 10. dxc5 $1 {Gagne un tempo par rapport à la partie}) 10. dxc5 Bxc5
11. b4 Be7 12. Bb2 O-O $11 {Zilberman,Y (2463)-Gruenfeld,Y (2472) Petah Tiqwa
Elitzur-A 2011 (2) 1/2-1/2}) 9... Bxc5 (9... Qxd1 10. Rxd1 {Kramnik,V (2801)
-Tomashevsky,E (2738) Moscow Tal Memorial 7th 2012 (6) 1-0}) 10. Qxd8+ {
90 Tout a été joué à tempo} Kxd8 11. Nd2 (11. a3 Nbd7 12. b4
Bd6 13. Bb2 Ke7 14. Rac1 Rac8 $11 {Inkiov,V (2485)-Seirawan,Y (2600) Zagreb
Interzonal 1987 (1) 1/2-1/2}) (11. Bd2 Nbd7) 11... Nbd7 12. Nb3 Bb6 (12... Bb4)
13. a4 b4 14. a5 Ba7 $6 $146 {le B serait mieux placé en c7 afin de faire
pression sur le Pa5 et les Noirs pourraient aussi défendre la faiblesse b4
par Bd6} (14... Bc7 $142 15. Na2 Bd5 16. Nd4 Bxa5 (
16... Rb8 17. Bxa6 e5 18. Nf5 g6 19. Ng3 Bxa5 $132) 17. Bd2 {Blanco Ronquillo,
H (2430)-Kolev,A (2601) San Cristobal Bolivar op 1st 2012 (3) 1/2-1/2}) 15. Na2
{[%csl Rb4] 82 Continuant de suivre la préparation maison} Nc5 (15... Bd5 $5
16. Nd4 Rb8 (16... Bxa2 17. Rxa2) 17. Bd2 Ne4 18. Be1 (18. Bxb4 Bxd4 19. exd4
Bxa2) 18... e5) 16. Nxc5 Bxc5 17. Bd2 b3 (17... Rb8 18. Nxb4 Bxb4 19. Bxb4 Bxg2
20. Rfd1+ Bd5 21. Bc3 $16 ) 18. Nc1 $1 $16 {[%csl Rb3][%cal Ge2d1]
71} Bd5 19. Nd3 Bd6 (19... Ba7 20. Rac1) 20. f3 {[%cal Ge3e4,Gg1f2] Les Blancs
ont une bonne finale} (20. Bb4 Ke7 21. Bxd6+ Kxd6 22. Rfc1 (22. f3 Bc4) 22...
Rhc8 23. Nb4 (23. f3 Bc4) 23... Bb7) 20... Bc4 21. Rfc1 Rc8 22. e4 Nd7 23. Rc3
Bb5 24. Rac1 $36 Rxc3 25. Rxc3 Nc5 (25... Ke7 26. Rxb3 Rc8 27.
Rc3) 26. Nxc5 Bxe2 27. Nxb3 Kd7 (27... Be5 28. Rc2 Bd1 29. Bg5+
f6 30. Rd2+ Ke7 31. Bxf6+ gxf6 32. Rxd1 Bxb2 33. Nc5 Rc8 34. Nxa6 Bc3 35. Kf1
Bxa5 {Avec des P sur la même aile, le N doit dominer le B et les Blancs ont
des bonnes chances de gain.}) 28. Nd4 Bd1 29. Rc1 Ba4 30. b3 Be5 31. Nxe6 Bb5
32. Nc5+ Ke7 33. Bb4 {[%csl Re7][%cal Gb4e7] Malgré le matériel réduit, le
K Noir est en insécurité.} Bd4+ 34. Kh1 Kf6 $2 35. Nxa6 $1 1-0